 Dungeon Crawl Stone Soup version 0.17-a0-4-gb793c6d (webtiles) character file.

84 Ololoev the Chopper (level 4, -3/36 HPs)
             Began as a Ghoul Gladiator on Mar 4, 2015.
             Slain by a worm (11 damage)
             ... on level 2 of the Dungeon.
             The game lasted 00:03:23 (1529 turns).

Ololoev the Chopper (Ghoul Gladiator)               Turns: 1529, Time: 00:03:24

Health: -3/36      AC:  4    Str: 19    XL:     4   Next: 46%
Magic:  3/3        EV: 11    Int:  6    God:
Gold:   69         SH:  0    Dex:  7    Spells: 0 memorised, 3 levels left

rFire  . . .     SeeInvis .     a - +1 war axe
rCold  + . .     Clarity  .     b - +0 leather armour
rNeg   + + +     SustAb   .     (no shield)
rPois  ∞         Gourm    .     c - +0 helmet
rElec  .         Spirit   .     (no cloak)
rCorr  .         Warding  .     (no gloves)
rMut   .         Stasis   .     (no boots)
MR     .....                    (no amulet)
Stlth  +.........               k - +3 ring of intelligence
                                f - -2 ring of dexterity (curse)

@: rotting, not resistant to hostile enchantments, very unstealthy
A: rotting body, claws 1, carnivore 3, cold resistance 1, negative energy
resistance 3, poison resistance, slow healing 1, torment resistance, unbreathing
a: no special abilities


You were on level 2 of the Dungeon.
You were not hungry.

You visited 1 branch of the dungeon, and saw 2 of its levels.

You collected 69 gold pieces.

Notes
Turn   | Place    | Note
--------------------------------------------------------------
     0 | D:1      | Ololoev, the Ghoul Gladiator, began the quest for the Orb.
     0 | D:1      | Reached XP level 1. HP: 17/17 MP: 1/1
    72 | D:1      | Reached skill level 3 in Axes
    80 | D:1      | Reached XP level 2. HP: 15/24 MP: 2/2
   480 | D:1      | Reached XP level 3. HP: 29/29 MP: 3/3
   999 | D:2      | Reached skill level 4 in Axes
  1265 | D:2      | Reached XP level 4. HP: 2/36 MP: 3/3
  1529 | D:2      | Slain by a worm

Inventory:

Hand weapons
 a - a +1 war axe (weapon)
Missiles
 d - 3 throwing nets (quivered)
Armour
 b - a +0 leather armour (worn)
 c - a +0 helmet (worn)
Jewellery
 f - a cursed -2 ring of dexterity (left claw)
 k - a +3 ring of intelligence (right claw)
Potions
 e - a potion of resistance {unknown}
 g - 2 potions of brilliance {unknown}
 h - a potion of ambrosia {unknown}
 i - a potion of curing {unknown}
Comestibles
 j - a slice of pizza

Table legend:
 A = Turns spent in this place as a percentage of turns spent in the entire game.
 B = Non-inter-level travel turns spent in this place as a percentage of non-inter-level travel turns spent in the entire game.
 C = Inter-level travel turns spent in this place as a percentage of turns spent in this place.
 D = Turns resting spent in this place as a percentage of non-inter-level travel turns spent in this place.
 E = Turns spent auto-exploring this place as a percentage of non-inter-level travel turns spent in this place.
 F = Non-inter-level travel turns spent in this place divided by the number of levels of this place that you've seen.
                   A       B       C       D       E      F
               +-------+-------+-------+-------+-------+----------------------
         Total | 100.0 | 100.0 |   0.1 |   0.9 |   6.4 | 475.0
       Dungeon | 100.0 | 100.0 |   0.1 |   0.9 |   6.4 | 475.0
               +-------+-------+-------+-------+-------+----------------------


   Skills:
 - Level 2.1 Fighting
 + Level 4.6 Axes
 - Level 1.7 Throwing
 - Level 2.6 Dodging


You had 3 spell levels left.
You didn't know any spells.

Dungeon Overview and Level Annotations

Branches:
Dungeon (2/15)

Altars:


Innate Abilities, Weirdness & Mutations

Your body is rotting away.
You thrive on raw meat.
You have sharp fingernails.
You are carnivorous and can eat meat at any time.
Your flesh is cold resistant.
You are immune to negative energy.
Your system is resistant to poisons.
You heal slowly when monsters are visible.
You are immune to unholy pain and torment.
You can survive without breathing.


Message History

The kobold throws a stone.
The stone hits you.
You see here a stone.
The kobold throws a stone.
The stone closely misses you.
The kobold throws a stone.
The stone hits you but does no damage.
You see here a stone.
The kobold throws a stone.
The stone hits you but does no damage.
You see here a stone.
You slash the kobold!
You kill the kobold!
Things that are here:
a vampiric short sword; a kobold corpse You butcher the kobold corpse.
l - 2 chunks of flesh You see here a vampiric short sword.
Eat one of 2 chunks of flesh? (ye/n/q/i?) This raw flesh tastes great!
You continue eating. x2
Eat a chunk of flesh? (ye/n/q/i?) This raw flesh tastes great!
You continue eating. x2
A goblin comes into view.
The goblin shouts!
The goblin hits you but does no damage.
You hit the goblin.
You kill the goblin!
No target in view!
No target in view!
The worm bites you.
You hit the worm.
The worm is severely wounded.
You barely miss the worm.
The worm is severely wounded.
The worm misses you.
You hit the worm.
The worm is severely wounded.
The worm bites you!
You hit the worm.
The worm is almost dead.
The worm bites you!
You die...

*** *,*,**,* ,,* *,,,,,,* *,*
***,**** ,,* *,* ########
,******,* #......# ,,,,,,,,*
#.####.##
,*******########.#.....####***##
,* ####..........##..#..,,,,.#
** #.....((.##@####..#.#****.#
#.##.#(..##w####..#.####*.#
###.##.....##......w.....#*.#
#.........(##########.##.##.#
#.#.##.##.(######## #.##..#.#
#÷#...............# #.......#
####.#.......#.......# #####.###
...#.#.#...#)#.......# **,#.#
.....#.#...#.........# *#,*..#


You could see a worm.

Table legend:
 A = Kills in this place as a percentage of kills in entire the game.
 B = Kills by you in this place as a percentage of kills by you in the entire game.
 C = Kills by friends in this place as a percentage of kills by friends in the entire game.
 D = Other kills in this place as a percentage of other kills in the entire game.
 E = Experience gained in this place as a percentage of experience gained in the entire game.
 F = Experience gained in this place divided by the number of levels of this place that you have seen.
                   A       B       C       D       E      F
               +-------+-------+-------+-------+-------+----------------------
         Total | 100.0 | 100.0 |  -nan |  -nan | 100.0 |  60.5
       Dungeon | 100.0 | 100.0 |  -nan |  -nan | 100.0 |  60.5
               +-------+-------+-------+-------+-------+----------------------

Vanquished Creatures
  3 adders (D:2)
  A worm (D:2)
  4 giant geckos
  An ooze (D:2)
  3 giant cockroaches
  5 goblins
  8 hobgoblins
  7 bats (D:1)
  3 giant newts (D:1)
  4 kobolds
  8 rats
47 creatures vanquished.

Vanquished Creatures (others)
  4 toadstools (D:1)
4 creatures vanquished.

Grand Total: 51 creatures vanquished

Action                   |  1- 3 |  4- 6 || total
-------------------------+-------+-------++-------
Melee: War axe           |   115 |    26 ||   141
  Use: Scroll            |     2 |       ||     2
  Eat: Chunk             |     6 |     6 ||    12

Vault maps used:
D:1:      ldierk_water_garden, hangedman_glass_teeth
D:2:      elyvilon_altar_5, uniq_jessica
